2272 views
Uploaded 2024-04-15 15:26:31
Game version 1.36 (6115)
30:46 long 2on2 ladder game on (4)LostTemple_S2
Saved by eNte
2272 views
Uploaded 2024-04-15 15:26:31
Game version 1.36 (6115)
30:46 long 2on2 ladder game on (4)LostTemple_S2


99 units @ 14.9k
/ 1.8k
46 buildings @ 6k
/ 2.5k



| Rod of Necromancy | 3 | 450 |
| Sacrificial Skull | 1 | 50 |
| Orb of Corruption | 2 | 750 |
| Lesser Clarity Potion | 1 | 70 |
| Potion of Mana | 1 | 200 |
| Ritual Dagger | 1 | 125 |
| Potion of Healing | 2 | 300 |
| Scroll of Town Portal | 5 | 1750 |
| Scroll of Healing | 6 | 1500 |
| Potion of Lesser Invulnerability | 3 | 450 |
| total: | 25 | 5645g |
| Acolyte | 12 | 900 | / | 0 |
| Ghoul | 3 | 360 | / | 0 |
| Crypt Fiend | 11 | 2365 | / | 440 |
| Obsidian Statue | 6 | 1200 | / | 210 |
| Abomination | 3 | 720 | / | 210 |
| Frost Wyrm | 3 | 1155 | / | 360 |
| Gargoyle | 3 | 525 | / | 90 |
| total: | 41 | 7225g | / | 1310w |
| Nerubian Tower | 2 | 200 | / | 40 |
| Spirit Tower | 1 | 145 | / | 40 |
| Graveyard | 1 | 215 | / | 0 |
| Crypt | 3 | 600 | / | 150 |
| Altar of Darkness | 1 | 180 | / | 50 |
| Ziggurat | 9 | 1350 | / | 450 |
| Tomb of Relics | 1 | 130 | / | 30 |
| Necropolis | 1 | 225 | / | 0 |
| Slaughterhouse | 2 | 280 | / | 270 |
| Sacrificial Pit | 1 | 75 | / | 150 |
| Boneyard | 2 | 350 | / | 400 |
| Halls of the Dead | 1 | 320 | / | 210 |
| Black Citadel | 1 | 325 | / | 230 |
| total: | 21 | 3405g | / | 1500w |
| 0:02 | Acolyte |
| 0:15 | Graveyard |
| 0:16 | Crypt |
| 0:18 | Acolyte |
| 0:45 | Altar of Darkness |
| 0:56 | Ziggurat |
| 1:20 | Ghoul |
| 1:34 | Tomb of Relics |
| 1:49 | Crypt Fiend |
| 2:09 | Crypt Fiend |
| 2:16 | Ziggurat |
| 2:21 | Crypt Fiend |
| 2:46 | Rod of Necromancy |
| 2:59 | Death Coil |
| 3:14 | Crypt Fiend |
| 3:24 | Crypt Fiend |
| 3:49 | Unholy Aura |
| 3:56 | Ghoul |
| 3:57 | Ghoul |
| 4:29 | Halls of the Dead |
| 4:32 | Ziggurat |
| 4:40 | Rod of Necromancy |
| 4:40 | Sacrificial Skull |
| 4:51 | Crypt Fiend |
| 5:40 | Creature Attack |
| 6:39 | Nerubian Tower |
| 7:13 | Black Citadel |
| 7:18 | Slaughterhouse |
| 7:22 | Ziggurat |
| 7:32 | Crypt Fiend |
| 7:53 | Crypt Fiend |
| 8:07 | Rod of Necromancy |
| 8:15 | Frost Nova |
| 8:30 | Obsidian Statue |
| 8:30 | Obsidian Statue |
| 8:48 | Potion of Lesser Invulnerability |
| 8:59 | Improved Creature Attack |
| 9:03 | Ziggurat |
| 9:25 | Burrow |
| 10:22 | Crypt Fiend |
| 10:29 | Abomination |
| 10:30 | Disease Cloud |
| 10:33 | Acolyte |
| 10:37 | Orb of Corruption |
| 10:48 | Impale |
| 10:57 | Slaughterhouse |
| 11:20 | Scroll of Town Portal |
| 11:26 | Death Coil |
| 11:46 | Obsidian Statue |
| 11:46 | Obsidian Statue |
| 12:20 | Dark Ritual |
| 12:25 | Necropolis |
| 12:27 | Acolyte |
| 12:27 | Acolyte |
| 12:27 | Acolyte |
| 12:27 | Acolyte |
| 12:31 | Lesser Clarity Potion |
| 13:06 | Abomination |
| 13:08 | Obsidian Statue |
| 13:25 | Ziggurat |
| 14:13 | Ziggurat |
| 14:13 | Ziggurat |
| 14:16 | Boneyard |
| 14:17 | Sacrificial Pit |
| 15:02 | Abomination |
| 15:10 | Spiked Carapace |
| 15:35 | Web |
| 16:00 | Spirit Tower |
| 16:02 | Boneyard |
| 16:04 | Ziggurat |
| 16:37 | Frost Nova |
| 16:45 | Crypt Fiend |
| 16:51 | Scroll of Town Portal |
| 16:51 | Potion of Mana |
| 16:57 | Obsidian Statue |
| 17:00 | Nerubian Tower |
| 17:01 | Acolyte |
| 17:25 | Frost Wyrm |
| 17:53 | Unholy Aura |
| 18:17 | Frost Wyrm |
| 18:19 | Freezing Breath |
| 18:46 | Scroll of Healing |
| 18:48 | Orb of Corruption |
| 18:53 | Destroyer Form |
| 19:21 | Crypt |
| 19:22 | Crypt |
| 20:46 | Impale |
| 21:24 | Gargoyle |
| 21:25 | Gargoyle |
| 21:29 | Scroll of Town Portal |
| 21:55 | Potion of Lesser Invulnerability |
| 21:56 | Scroll of Healing |
| 22:41 | Scroll of Healing |
| 23:30 | Acolyte |
| 23:51 | Death Coil |
| 23:53 | Dark Ritual |
| 24:54 | Gargoyle |
| 25:25 | Spiked Carapace |
| 25:42 | Scroll of Town Portal |
| 25:43 | Ritual Dagger |
| 26:17 | Scroll of Healing |
| 26:27 | Potion of Lesser Invulnerability |
| 26:27 | Scroll of Healing |
| 26:44 | Acolyte |
| 26:44 | Acolyte |
| 28:09 | Frost Nova |
| 28:20 | Crypt Fiend |
| 28:26 | Frost Wyrm |
| 28:28 | Scroll of Healing |
| 28:47 | Scroll of Town Portal |
| 28:55 | Potion of Healing |
| 29:10 | Death Pact |
| 29:23 | Acolyte |
| 30:09 | Potion of Healing |
| 30:12 | Impale |
| Select group | 3050 |
| Right click | 1907 |
| Select | 506 |
| Misc. action | 257 |
| Build/train/purchase | 133 |
| Use ability | 73 |
| Assign group | 62 |
| Minimap ping | 19 |
| Resource trade | 17 |
| Esc | 5 |
| Item give/drop | 4 |
小卡拉米
(29:48) : 

x1)
| Scroll of Regeneration | 7 | 700 |
| Lesser Clarity Potion | 10 | 700 |
| Potion of Healing | 5 | 750 |
| Potion of Mana | 2 | 400 |
| Scroll of Town Portal | 10 | 3500 |
| Scroll of Healing | 2 | 500 |
| Scroll of Protection | 2 | 300 |
| Circlet of Nobility | 1 | 175 |
| Tome of Retraining | 1 | 300 |
| total: | 40 | 7325g |
| Peasant | 20 | 1500 | / | 0 |
| Footman | 14 | 1890 | / | 0 |
| Rifleman | 2 | 410 | / | 60 |
| Priest | 7 | 945 | / | 70 |
| Spell Breaker | 10 | 2150 | / | 300 |
| Sorceress | 5 | 775 | / | 100 |
| total: | 58 | 7670g | / | 530w |
| Scout Tower | 5 | 150 | / | 100 |
| Arcane Tower | 4 | 280 | / | 200 |
| Guard Tower | 1 | 70 | / | 50 |
| Farm | 10 | 800 | / | 200 |
| Altar of Kings | 1 | 180 | / | 50 |
| Barracks | 1 | 160 | / | 60 |
| Town Hall | 1 | 385 | / | 205 |
| Arcane Vault | 3 | 390 | / | 90 |
| Lumber Mill | 1 | 120 | / | 0 |
| Blacksmith | 1 | 140 | / | 60 |
| Arcane Sanctum | 2 | 300 | / | 280 |
| Keep | 2 | 640 | / | 420 |
| total: | 25 | 2625g | / | 1045w |
| 0:03 | Peasant |
| 0:03 | Peasant |
| 0:05 | Farm |
| 0:09 | Altar of Kings |
| 0:20 | Barracks |
| 0:28 | Peasant |
| 0:36 | Farm |
| 0:47 | Peasant |
| 0:50 | Farm |
| 0:53 | Peasant |
| 1:19 | Peasant |
| 1:24 | Footman |
| 1:33 | Peasant |
| 1:37 | Footman |
| 1:37 | Footman |
| 1:46 | Farm |
| 1:53 | Peasant |
| 2:12 | Summon Water Elemental |
| 2:13 | Footman |
| 2:30 | Peasant |
| 2:31 | Footman |
| 2:49 | Brilliance Aura |
| 2:54 | Scout Tower |
| 2:58 | Peasant |
| 3:19 | Peasant |
| 3:32 | Town Hall |
| 3:33 | Arcane Tower |
| 3:54 | Footman |
| 4:13 | Footman |
| 4:28 | Arcane Vault |
| 4:30 | Arcane Vault |
| 4:43 | Farm |
| 4:44 | Scout Tower |
| 4:57 | Footman |
| 5:12 | Peasant |
| 5:13 | Peasant |
| 5:13 | Peasant |
| 5:37 | Footman |
| 5:45 | Arcane Tower |
| 5:49 | Peasant |
| 5:54 | Scout Tower |
| 5:56 | Scout Tower |
| 6:03 | Footman |
| 6:04 | Peasant |
| 6:06 | Lumber Mill |
| 6:28 | Footman |
| 6:29 | Blacksmith |
| 7:01 | Footman |
| 7:16 | Keep |
| 7:20 | Improved Lumber Harvesting |
| 7:23 | Arcane Vault |
| 7:38 | Guard Tower |
| 7:48 | Rifleman |
| 7:51 | Scroll of Regeneration |
| 7:51 | Lesser Clarity Potion |
| 7:54 | Scroll of Regeneration |
| 7:54 | Lesser Clarity Potion |
| 7:54 | Lesser Clarity Potion |
| 8:09 | Farm |
| 8:11 | Iron Plating |
| 8:11 | Steel Plating |
| 8:26 | Scroll of Town Portal |
| 8:26 | Scroll of Healing |
| 8:39 | Improved Masonry |
| 8:40 | Iron Forged Swords |
| 8:43 | Summon Water Elemental |
| 9:21 | Footman |
| 9:39 | Peasant |
| 9:39 | Peasant |
| 9:51 | Peasant |
| 10:26 | Arcane Sanctum |
| 10:36 | Storm Bolt |
| 10:44 | Farm |
| 10:54 | Advanced Lumber Harvesting |
| 11:04 | Scroll of Regeneration |
| 11:07 | Scroll of Town Portal |
| 11:10 | Lesser Clarity Potion |
| 11:15 | Potion of Healing |
| 11:15 | Potion of Healing |
| 11:24 | Arcane Sanctum |
| 11:34 | Footman |
| 11:38 | Potion of Mana |
| 12:05 | Rifleman |
| 12:05 | Priest |
| 12:06 | Priest |
| 12:27 | Scroll of Regeneration |
| 12:33 | Lesser Clarity Potion |
| 12:40 | Priest |
| 12:44 | Mithril Plating |
| 13:10 | Priest Adept Training |
| 13:25 | Spell Breaker |
| 13:35 | Spell Breaker |
| 13:37 | Farm |
| 13:39 | Farm |
| 13:52 | Scroll of Healing |
| 13:55 | Scroll of Protection |
| 14:02 | Circlet of Nobility |
| 14:22 | Spell Breaker |
| 14:43 | Scroll of Town Portal |
| 14:43 | Scroll of Town Portal |
| 15:05 | Spell Breaker |
| 15:12 | Farm |
| 16:01 | Spell Breaker |
| 16:10 | Scroll of Regeneration |
| 16:21 | Scroll of Town Portal |
| 16:21 | Scroll of Town Portal |
| 16:59 | Sorceress Adept Training |
| 16:59 | Sorceress |
| 17:28 | Spell Breaker |
| 17:51 | Scroll of Regeneration |
| 18:01 | Scroll of Town Portal |
| 18:01 | Scroll of Town Portal |
| 18:13 | Priest |
| 18:29 | Priest |
| 19:06 | Steel Forged Swords |
| 19:19 | Scroll of Town Portal |
| 19:48 | Thunder Clap |
| 19:52 | Spell Breaker |
| 20:05 | Priest |
| 20:47 | Spell Breaker |
| 21:50 | Lesser Clarity Potion |
| 21:53 | Potion of Healing |
| 21:59 | Peasant |
| 22:15 | Sorceress |
| 22:45 | Lesser Clarity Potion |
| 22:45 | Potion of Healing |
| 22:47 | Potion of Healing |
| 22:47 | Potion of Mana |
| 22:52 | Scroll of Protection |
| 22:55 | Tome of Retraining |
| 22:55 | Retrain Hero |
| 23:05 | Sorceress |
| 23:08 | Scout Tower |
| 23:41 | Sorceress |
| 23:56 | Sorceress |
| 23:58 | Spell Breaker |
| 24:18 | Brilliance Aura |
| 24:32 | Spell Breaker |
| 24:35 | Storm Bolt |
| 25:50 | Scroll of Town Portal |
| 25:53 | Lesser Clarity Potion |
| 25:57 | Lesser Clarity Potion |
| 26:07 | Priest |
| 26:13 | Scroll of Regeneration |
| 28:01 | Thunder Clap |
| 28:48 | Lesser Clarity Potion |
| Right click | 2161 |
| Select group | 1944 |
| Select | 1177 |
| Misc. action | 1090 |
| Assign group | 288 |
| Build/train/purchase | 254 |
| Use ability | 47 |
| Resource trade | 40 |
| Minimap ping | 10 |
| Item give/drop | 6 |
114 units @ 18k
/ 3.1k
45 buildings @ 7.6k
/ 4k



| Healing Salve | 7 | 700 |
| Lesser Clarity Potion | 4 | 280 |
| Scroll of Speed | 3 | 150 |
| Orb of Lightning | 1 | 375 |
| Tiny Great Hall | 1 | 600 |
| Potion of Healing | 2 | 300 |
| Potion of Mana | 1 | 200 |
| Scroll of Healing | 1 | 250 |
| Scroll of Town Portal | 6 | 2100 |
| Potion of Lesser Invulnerability | 1 | 150 |
| Boots of Speed | 1 | 250 |
| total: | 28 | 5355g |
| Peon | 18 | 1350 | / | 0 |
| Grunt | 7 | 1400 | / | 0 |
| Raider | 1 | 180 | / | 40 |
| Troll Witch Doctor | 6 | 870 | / | 150 |
| Kodo Beast | 4 | 1020 | / | 240 |
| Troll Headhunter | 2 | 280 | / | 40 |
| Tauren | 2 | 560 | / | 160 |
| Wind Rider | 13 | 3445 | / | 520 |
| Shaman | 1 | 130 | / | 20 |
| total: | 54 | 9235g | / | 1170w |
| Watch Tower | 3 | 330 | / | 240 |
| Altar of Storms | 2 | 360 | / | 100 |
| Orc Burrow | 9 | 1440 | / | 360 |
| Barracks | 1 | 180 | / | 50 |
| Voodoo Lounge | 2 | 260 | / | 60 |
| Great Hall | 1 | 385 | / | 185 |
| War Mill | 1 | 205 | / | 0 |
| Spirit Lodge | 2 | 300 | / | 300 |
| Beastiary | 5 | 725 | / | 700 |
| Tauren Totem | 1 | 135 | / | 155 |
| Stronghold | 1 | 315 | / | 190 |
| Fortress | 1 | 325 | / | 190 |
| total: | 27 | 4320g | / | 2150w |
| 0:03 | Altar of Storms |
| 0:03 | Pillage |
| 0:03 | Peon |
| 0:08 | Orc Burrow |
| 0:15 | Peon |
| 0:31 | Barracks |
| 0:40 | Peon |
| 0:49 | Peon |
| 1:14 | Peon |
| 1:24 | Peon |
| 1:36 | Orc Burrow |
| 1:41 | Grunt |
| 2:03 | Voodoo Lounge |
| 2:12 | Wind Walk |
| 2:24 | Peon |
| 2:43 | Grunt |
| 3:07 | Voodoo Lounge |
| 3:19 | Critical Strike |
| 3:31 | Great Hall |
| 3:44 | Peon |
| 3:45 | Healing Salve |
| 4:01 | Stronghold |
| 4:28 | Grunt |
| 4:49 | Grunt |
| 5:37 | Orc Burrow |
| 5:41 | Healing Salve |
| 5:41 | Lesser Clarity Potion |
| 5:41 | Scroll of Speed |
| 6:07 | Peon |
| 6:07 | Peon |
| 6:07 | Peon |
| 6:10 | Peon |
| 6:22 | Grunt |
| 6:39 | Wind Walk |
| 6:56 | Spirit Lodge |
| 6:58 | Beastiary |
| 7:46 | Fortress |
| 7:51 | Orc Burrow |
| 7:59 | War Mill |
| 8:19 | Berserker Strength |
| 8:21 | Ensnare |
| 8:23 | Shockwave |
| 8:37 | Scroll of Healing |
| 8:37 | Potion of Lesser Invulnerability |
| 8:38 | Boots of Speed |
| 8:51 | Witch Doctor Adept Training |
| 8:54 | Grunt |
| 8:56 | Raider |
| 9:16 | Healing Salve |
| 9:16 | Healing Salve |
| 9:17 | Lesser Clarity Potion |
| 9:17 | Scroll of Speed |
| 9:24 | Endurance Aura |
| 10:43 | Witch Doctor Master Training |
| 10:43 | Troll Witch Doctor |
| 10:46 | Kodo Beast |
| 10:47 | War Drums Damage Increase |
| 10:50 | Troll Headhunter |
| 10:51 | Troll Headhunter |
| 11:28 | Endurance Aura |
| 12:04 | Kodo Beast |
| 12:12 | Critical Strike |
| 12:35 | Troll Witch Doctor |
| 12:37 | Grunt |
| 12:38 | Hex |
| 12:52 | Troll Witch Doctor |
| 12:55 | Orc Burrow |
| 13:28 | Troll Witch Doctor |
| 13:29 | Kodo Beast |
| 13:35 | Orc Burrow |
| 13:37 | Tauren Totem |
| 13:40 | Beastiary |
| 13:42 | Spirit Lodge |
| 13:45 | Peon |
| 13:45 | Peon |
| 14:02 | Orb of Lightning |
| 14:02 | Tiny Great Hall |
| 14:03 | Scroll of Town Portal |
| 14:03 | Potion of Healing |
| 14:03 | Potion of Mana |
| 14:29 | Healing Salve |
| 14:32 | Scroll of Town Portal |
| 15:06 | Tauren |
| 15:10 | Wind Rider |
| 15:11 | Troll Witch Doctor |
| 15:38 | Shaman Adept Training |
| 16:04 | Orc Burrow |
| 16:06 | Orc Burrow |
| 16:09 | Orc Burrow |
| 16:54 | Scroll of Town Portal |
| 17:06 | Healing Wave |
| 17:36 | Wind Rider |
| 17:41 | Shaman Master Training |
| 18:09 | Watch Tower |
| 18:11 | Reinforced Defenses |
| 18:21 | Shaman |
| 18:50 | Scroll of Town Portal |
| 19:12 | Watch Tower |
| 19:30 | Peon |
| 19:30 | Peon |
| 19:36 | Wind Rider |
| 19:56 | Scroll of Town Portal |
| 20:58 | Shockwave |
| 21:10 | Healing Wave |
| 21:11 | Wind Rider |
| 21:17 | Wind Walk |
| 21:40 | Envenomed Spears |
| 21:40 | Wind Rider |
| 21:42 | Steel Ranged Weapons |
| 22:13 | Wind Rider |
| 22:17 | Watch Tower |
| 22:28 | Wind Rider |
| 22:39 | Wind Rider |
| 22:40 | Steel Armor |
| 23:51 | Wind Rider |
| 24:20 | Wind Rider |
| 24:57 | Altar of Storms |
| 24:58 | Beastiary |
| 24:59 | Beastiary |
| 25:03 | Beastiary |
| 25:44 | Healing Salve |
| 25:49 | Peon |
| 25:49 | Peon |
| 25:51 | Healing Salve |
| 25:51 | Lesser Clarity Potion |
| 25:52 | Scroll of Speed |
| 25:59 | Tauren |
| 26:06 | Wind Rider |
| 26:55 | Kodo Beast |
| 26:57 | Troll Witch Doctor |
| 27:15 | Pulverize |
| 28:33 | Wind Rider |
| 28:47 | Hex |
| 29:11 | Potion of Healing |
| 29:13 | Lesser Clarity Potion |
| 29:21 | Scroll of Town Portal |
| 29:39 | Shockwave |
| 30:32 | Wind Rider |
| Right click | 2650 |
| Select group | 1046 |
| Select | 995 |
| Build/train/purchase | 192 |
| Use ability | 123 |
| Chat | 89 |
| Assign group | 79 |
| Misc. action | 77 |
| Resource trade | 11 |
| Minimap ping | 9 |
| Remove unit | 6 |
| Item give/drop | 1 |


| Staff of Preservation | 2 | 300 |
| Orb of Venom | 3 | 975 |
| Lesser Clarity Potion | 1 | 70 |
| Scroll of Town Portal | 6 | 2100 |
| Boots of Speed | 1 | 250 |
| Potion of Lesser Invulnerability | 1 | 150 |
| total: | 14 | 3845g |
| Wisp | 27 | 1620 | / | 0 |
| Archer | 5 | 650 | / | 50 |
| Dryad | 10 | 1450 | / | 600 |
| Druid of the Claw | 8 | 2040 | / | 640 |
| Chimaera | 7 | 2310 | / | 490 |
| Hippogryph | 2 | 320 | / | 40 |
| Goblin Shredder | 1 | 375 | / | 100 |
| total: | 60 | 8765g | / | 1920w |
| Altar of Elders | 1 | 180 | / | 50 |
| Ancient of War | 1 | 150 | / | 60 |
| Moon Well | 6 | 1080 | / | 240 |
| Tree of Life | 2 | 680 | / | 370 |
| Hunter's Hall | 1 | 210 | / | 100 |
| Ancient of Wonders | 1 | 90 | / | 30 |
| Ancient of Lore | 2 | 310 | / | 290 |
| Ancient of Wind | 2 | 300 | / | 280 |
| Chimaera Roost | 2 | 280 | / | 380 |
| Tree of Ages | 1 | 320 | / | 180 |
| Tree of Eternity | 1 | 330 | / | 200 |
| total: | 18 | 3280g | / | 1800w |
| 0:02 | Wisp |
| 0:02 | Wisp |
| 0:10 | Altar of Elders |
| 0:16 | Ancient of War |
| 0:21 | Moon Well |
| 0:30 | Wisp |
| 0:42 | Wisp |
| 0:47 | Wisp |
| 0:54 | Wisp |
| 1:00 | Wisp |
| 1:18 | Wisp |
| 1:19 | Archer |
| 1:39 | Moon Well |
| 1:59 | Wisp |
| 2:13 | Mana Burn |
| 2:34 | Tree of Ages |
| 3:06 | Tree of Life |
| 3:07 | Evasion |
| 3:17 | Archer |
| 3:18 | Archer |
| 3:32 | Moon Well |
| 4:20 | Hunter's Hall |
| 4:30 | Ancient of Wonders |
| 4:33 | Archer |
| 4:33 | Archer |
| 5:36 | Ancient of Lore |
| 5:40 | Wisp |
| 5:40 | Wisp |
| 5:41 | Wisp |
| 5:41 | Wisp |
| 5:43 | Wisp |
| 5:43 | Wisp |
| 6:32 | Entangling Roots |
| 6:40 | Ancient of Lore |
| 7:05 | Mana Burn |
| 7:21 | Wisp |
| 7:21 | Wisp |
| 7:21 | Wisp |
| 7:22 | Wisp |
| 7:22 | Wisp |
| 7:39 | Dryad |
| 7:42 | Tree of Eternity |
| 7:58 | Druid of the Claw Adept Training |
| 7:59 | Druid of the Claw |
| 8:25 | Moon Well |
| 8:26 | Moon Well |
| 8:26 | Moon Well |
| 8:47 | Dryad |
| 8:47 | Abolish Magic |
| 9:05 | Thorns Aura |
| 9:20 | Druid of the Claw |
| 9:22 | Scroll of Town Portal |
| 9:23 | Staff of Preservation |
| 9:27 | Ultravision |
| 10:15 | Druid of the Claw Master Training |
| 10:36 | Tree of Life |
| 10:49 | Wisp |
| 10:50 | Wisp |
| 11:09 | Evasion |
| 11:18 | Druid of the Claw |
| 11:18 | Mark of the Claw |
| 12:17 | Dryad |
| 12:18 | Dryad |
| 12:21 | Chimaera Roost |
| 12:37 | Orb of Venom |
| 12:37 | Lesser Clarity Potion |
| 12:44 | Scroll of Town Portal |
| 12:50 | Druid of the Claw |
| 12:52 | Druid of the Claw |
| 13:05 | Wisp |
| 13:06 | Wisp |
| 13:06 | Wisp |
| 13:06 | Wisp |
| 13:06 | Wisp |
| 13:24 | Chimaera Roost |
| 13:39 | Goblin Shredder |
| 14:14 | Entangling Roots |
| 14:41 | Chimaera |
| 16:05 | Druid of the Claw |
| 16:08 | Chimaera |
| 16:09 | Corrosive Breath |
| 16:10 | Chimaera |
| 16:29 | Orb of Venom |
| 16:32 | Scroll of Town Portal |
| 16:38 | Dryad |
| 16:39 | Druid of the Claw |
| 17:36 | Boots of Speed |
| 17:39 | Scroll of Town Portal |
| 17:39 | Potion of Lesser Invulnerability |
| 19:51 | Chimaera |
| 19:54 | Scroll of Town Portal |
| 20:00 | Strength of the Wild |
| 20:01 | Reinforced Hides |
| 20:01 | Well Spring |
| 20:26 | Mana Burn |
| 21:18 | Dryad |
| 21:18 | Dryad |
| 21:45 | Chimaera |
| 21:46 | Chimaera |
| 22:25 | Scroll of Town Portal |
| 22:49 | Improved Strength of the Wild |
| 22:49 | Improved Reinforced Hides |
| 23:28 | Chimaera |
| 23:34 | Ancient of Wind |
| 23:35 | Ancient of Wind |
| 23:36 | Dryad |
| 23:37 | Druid of the Claw |
| 24:55 | Dryad |
| 24:55 | Dryad |
| 26:09 | Hippogryph |
| 26:09 | Hippogryph |
| 27:19 | Staff of Preservation |
| 27:23 | Orb of Venom |
| 27:38 | Thorns Aura |
| 30:14 | Entangling Roots |
| Right click | 950 |
| Select group | 640 |
| Select | 316 |
| Build/train/purchase | 139 |
| Use ability | 123 |
| Assign group | 36 |
| Resource trade | 30 |
| Chat | 25 |
| Item give/drop | 3 |
| Minimap ping | 3 |
⇛